 Dungeon Sprint DCSS version 0.25-a0-413-g3b4b6a4ccc (webtiles) character file.

Game seed: 9660167564060410296, levelgen mode: deterministic

297 wilfster70 the Skirmisher (level 6, -4/82 HPs)
             Began as a Demonspawn Berserker on Jan 15, 2020.
             Was a Believer of Trog.
             Slain by a yak (11 damage)
             ... in the Dungeon (Sprint I: "Red Sonja").
             The game lasted 00:01:22 (277 turns).

wilfster70 the Skirmisher (Demonspawn Berserker)     Turns: 277, Time: 00:01:22

Health: -4/82      AC:  3    Str: 25    XL:     6   Next: 12%
Magic:  6/6        EV: 15    Int:  8    God:    Trog [**....]
Gold:   324        SH:  4    Dex: 12    Spells: 5/5 levels left

rFire    . . .     SeeInvis .   a - +0 falchion
rCold    . . .     Gourm    .   (no shield)
rNeg     . . .     Faith    .   j - +0 leather armour
rPois    .         Spirit   .   (no helmet)
rElec    .         Reflect  .   (no cloak)
rCorr    .         Harm     .   (no gloves)
MR       .....     NoTele   +   (no boots)
Stlth    ..........             (no amulet)
HPRegen  0.23/turn              (no ring)
MPRegen  0.10/turn              (no ring)

@: berserking (expiring), very quick
A: large bone plates 1, demonic guardian 1
a: Berserk, Trog's Hand, Renounce Religion


You were in the Dungeon.
You worshipped Trog.
Trog was pleased with you.
You were hungry.

You visited 1 branch You collected 324 gold pieces.

Inventory:

Hand Weapons
 a - a +0 falchion (weapon)
Armour
 j - a +0 leather armour (worn)
Scrolls
 i - a scroll of blinking
Potions
 d - a potion of curing
 e - a potion of heal wounds
 f - a potion of haste
 g - 2 potions of magic
 h - a potion of berserk rage
Comestibles
 c - 2 rations


   Skills:
 + Level 7.1 Fighting
 + Level 6.5 Long Blades
 + Level 6.1 Armour
 + Level 6.1 Dodging


You had 5 spell levels left.
You didn't know any spells.
Your spell library was empty.

Dungeon Overview and Level Annotations

Branches:
Dungeon (1/1)

Altars:
Cheibriados
Dithmenos
Gozag
Hepliaklqana
Kikubaaqudgha
Ru
Sif Muna
Uskayaw
Vehumet
Wu Jian
Yredelemnul

Shops:
D %


Innate Abilities, Weirdness & Mutations

You are partially covered in large bone plates. (SH +4)
A weak demonic guardian rushes to your aid.


Message History

The puff of frost hits the yak.
The yak gores your white imp!
Your white imp dies!
Your white imp barely misses the yak.
The yak bellows!
A red film seems to cover your vision as you go berserk!
You feel yourself moving faster!
You feel mighty!
You are feeling hungry.
The yak gores your white imp but does no damage.
Your white imp closely misses the yak.
You feel a strong urge to attack something.
The yak gores your white imp.
Your white imp hits the yak but does no damage.
The yak gores your white imp!
Your white imp dies!
You feel your anger nearly subside.
There is an open door, spattered with blood here.
You hit the yak.
The yak is severely wounded.
The yak gores you!
You die...

################
#<.#..)..#..'..#
#..[..#..').#..+
#..#####'#####'#
#..# #..#...#.#
#..# ####..##.#
#..# ##@#_.+
#⌠⌠#_.∩...Y..._#
####_..__##_.#'#


____ ##+#.# ### ### You could see a yak.

Vanquished Creatures
  Sigmund (D)
  An ogre (D)
  A jelly (D)
  Ijyb (D)
4 creatures vanquished.

Notes
Turn   | Place    | Note
-------+----------+-------------------------------------------
     0 | D        | wilfster70 the Demonspawn Berserker began the quest for the
                  | Orb.
     0 | D        | Reached XP level 1. HP: 18/18 MP: 1/1
     1 | D        | Noticed Ijyb
     7 | D        | Killed Ijyb
     7 | D        | Reached skill level 4 in Fighting
     7 | D        | Gained mutation: You are partially covered in large bone
                  | plates. (SH +4) [demonic ancestry]
     7 | D        | Reached XP level 2. HP: 25/25 MP: 2/2
    87 | D        | Noticed an ogre
    94 | D        | Killed an ogre
    94 | D        | Reached skill level 5 in Fighting
    94 | D        | Reached XP level 3. HP: 33/33 MP: 3/3
    94 | D        | Reached XP level 4. HP: 39/39 MP: 4/4
   136 | D        | Noticed Sigmund
   141 | D        | Killed Sigmund
   141 | D        | Reached ** piety under Trog
   141 | D        | Reached skill level 6 in Fighting
   141 | D        | Reached skill level 5 in Armour
   141 | D        | Reached skill level 5 in Dodging
   141 | D        | Reached XP level 5. HP: 47/47 MP: 5/5
   141 | D        | Gained mutation: A weak demonic guardian rushes to your
                  | aid. [demonic ancestry]
   141 | D        | Reached XP level 6. HP: 53/53 MP: 6/6
   178 | D        | Found a shimmering blue altar of Sif Muna.
   179 | D        | Found an ornate altar of the Wu Jian Council.
   180 | D        | Found a radiant altar of Vehumet.
   188 | D        | Reached skill level 7 in Fighting
   263 | D        | Found Xeagel's Food Emporium.
   263 | D        | Found an ancient bone altar of Kikubaaqudgha.
   263 | D        | Found a hazy altar of Hepliaklqana.
   263 | D        | Found a hide-covered altar of Uskayaw.
   263 | D        | Found a basalt altar of Yredelemnul.
   263 | D        | Found an opulent altar of Gozag.
   263 | D        | Found a snail-covered altar of Cheibriados.
   263 | D        | Found a sacrificial altar of Ru.
   263 | D        | Found a shadowy altar of Dithmenos.
   263 | D        | Noticed a yak
   277 | D        | Slain by a yak

Levels and vault maps discovered:
D:        dungeon_sprint_1 [red_sonja_temple_1, red_sonja_temple_small_1]

Skill      XL: |  1  2  3  4  5  6 |
---------------+-------------------+-----
Fighting       | 4 5 6 7 |  7.1
Long Blades    | 3 4 6 |  6.5
Armour         | 3 4 5 6 |  6.1
Dodging        | 3 4 5 6 |  6.1

Action                   |  1- 3 |  4- 6 || total
-------------------------+-------+-------++-------
Melee: Falchion          |    11 |    18 ||    29
Invok: Berserk           |     2 |     3 ||     5
  Eat: Chunk             |       |     2 ||     2
Armor: Leather armour    |       |     2 ||     2
Dodge: Dodged            |     2 |     6 ||     8
Block: Other             |     1 |     2 ||     3

Table legend:
 A = Non-vault XP
 B = Vault XP
 C = Vault XP percentage of total XP
 D = Non-vault monster count
 E = Vault monster count
 F = Vault count percentage of total count
                 A         B        C        D         E       F
            +---------+---------+-------+---------+---------+-------
      Total |       0 |     425 | 100.0 |       0 |       4 | 100.0
            +---------+---------+-------+---------+---------+-------
          D |       0 |     425 | 100.0 |       0 |       4 | 100.0
            +---------+---------+-------+---------+---------+-------
